AoeStats
← Jon

MegaRandom

505711749Analyzed
1v1 RM · 21d ago on Sep 10, 2026· 44m 31s· 2 players
Game mode
Random Map
Map size
Tiny (2 player)
Population
200
Speed
Normal
Resources
Standard
Victory
Conquest
Starting age
Dark Age
Ending age
Imperial Age
RankedLock teamsTeams togetherTeam positionsShared explorationLock speedFull tech treeHidden civsTurbo modeCheats
Victory
Defeat
🇳🇱 Persians · Netherlands
934
+17
🇫🇷 Bengalis · France
951
-46
Jon
0:36 Loom
10:53 Feudal Age
11:15 Double-Bit Axe
12:15 Horse Collar
15:36 Bloodlines
16:36 Padded Archer Armor
16:56 Scale Barding Armor
18:03 Forging
23:39 Castle Age
24:15 Wheelbarrow
25:01 Bow Saw
24:54 Heavy Plow
24:37 Fishing Lines
25:47 Husbandry
26:35 Medium Warships
27:15 Chain Barding Armor
27:31 Iron Casting
29:20 Padded Archer Armor
29:10 Fletching
31:54 Kamandaran
32:48 Leather Archer Armor
32:28 Bodkin Arrow
33:22 Crossbowman
35:13 Thumb Ring
38:16 Hand Cart
42:54 Imperial Age
41:45 Ballistics
44:24 Plate Barding Armor
44:49 Blast Furnace
44:21 Ring Archer Armor
43:24 Heavy Camel Rider
45:04 Conscription
xavierboullier
11:20 Loom
13:05 Feudal Age
14:29 Double-Bit Axe
19:59 Castle Age
20:55 Bow Saw
27:01 Squires
27:00 Pikeman
34:27 Paiks
34:29 Husbandry
34:43 Bloodlines
41:13 Imperial Age
39:21 Wheelbarrow
38:34 Town Watch
40:23 Arson
42:19 Halberdier
44:29 Conscription
44:40 Mahayana
Connection lost

Rejoining the realm…

Still unreachable

The connection could not be restored.

Session expired

The server has moved on; the page needs a fresh start.